 Dungeon Crawl Stone Soup version 0.31.0-11-ge490571c62 (webtiles) character file.

Game seed: 8038835280150031697

504 mopl the Ruffian (level 7, -2/45 HPs)
             Began as an Octopode Shapeshifter on Feb 8, 2024.
             Was a Priest of Uskayaw.
             Killed by divine providence
             ... invoked by an orc priest
              (9 damage)
             ... on level 4 of the Dungeon.
             The game lasted 00:03:14 (2183 turns).

mopl the Ruffian (Octopode Shapeshifter)            Turns: 2183, Time: 00:03:14

Health: -2/45      AC:  1    Str: 11 (14) XL:     7   Next: 17%
Magic:  7/7        EV: 13    Int:  9 (12) God:    Uskayaw [***...]
Gold:   198        SH:  0    Dex: 11 (13) Spells: 6/6 levels left

rFire   . .          .
                       - Unarmed
rCold   . . .        (no shield)
rNeg    . . .        (helmet currently unavailable)
rPois   .            (no amulet)
rElec   .            (no ring)
rCorr   .            (no ring)
SInv    .            (no ring)
Will    .....        (no ring)
Stlth   ++           (no ring)
HPRegen 0.27/turn    (no ring)
MPRegen 0.10/turn    (no ring)
                     (no ring)

%: no passive effects
@: confused, about to teleport, beast-form
A: beast (slay +2), almost no armour, amphibious, 8 rings, camouflage 1,
gelatinous body 1, (nimble swimmer 1), tentacles
a: Begin Untransformation, Renounce Religion, Stomp, Line Pass


You were on level 4 of the Dungeon.
You worshipped Uskayaw.
Uskayaw was noncommittal.
You were a hulking beast.
You visited 2 branches of the dungeon, and saw 6 of its levels.

You collected 250 gold pieces.
You spent 52 gold pieces at shops.

Inventory:

Missiles
 l - 3 poisoned darts (quivered)
Jewellery
 e - a ring of positive energy
Talismans
 b - a beast talisman
 c - a flux talisman
Wands
 m - a wand of flame (15)
Scrolls
 d - 3 scrolls of teleportation
 f - 2 scrolls of fear
 i - a scroll of immolation {unknown}
 j - 3 scrolls of identify {unknown}
 n - a scroll of enchant armour {unknown}
 r - a scroll of enchant weapon {unknown}
Potions
 g - 2 potions of degeneration
 h - 3 potions of curing {unknown}
 k - 3 potions of haste {unknown}
 o - a potion of magic {unknown}
 p - 2 potions of ambrosia {unknown}
 q - a potion of enlightenment {unknown}


   Skills:
 + Level 2.9 Fighting
 + Level 3.4 Dodging
 * Level 5.2 Unarmed Combat
 + Level 0.7 Invocations
 * Level 4.8 Shapeshifting


You had 6 spell levels left.
You didn't know any spells.
Your spell library contained the following spells:

 Spells                   Type           Power      Damage    Failure   Level
 Apportation              Tloc           0%         N/A       38%         1
 Necrotise                Necr           0%         1d4       38%         1
 Sting                    Conj/Alch      0%         1d3       38%         1
 Summon Small Mammal      Summ           0%         N/A       38%         1
 Gell's Gravitas          Tloc           0%         N/A       77%         3
 Summon Ice Beast         Ice/Summ       0%         N/A       77%         3
 Teleport Other           Tloc           0%         N/A       77%         3
 Summon Mana Viper        Hex/Summ       0%         N/A       100%        5
 Dispersal                Tloc           0%         N/A       100%        6
 Monstrous Menagerie      Summ           0%         N/A       100%        7


Dungeon Overview and Level Annotations

Branches:
Dungeon (5/15)             Temple (1/1) D:4

Altars:
Elyvilon
Fedhas
Kikubaaqudgha
Makhleb
Nemelex Xobeh
Ru
Trog
Uskayaw
Zin

Shops:
D:1 [?


Innate Abilities, Weirdness & Mutations

You are a hulking beast.
Your limbs bulge with bestial killing power. (Slay +2)
You cannot wear most types of armour.
You are amphibious.
You can wear up to eight rings at the same time.
Your skin changes colour to match your surroundings (Stealth+).
Your rubbery body absorbs attacks. (AC +1, EV +1)
((You are camouflaged when in or above water. (Stealth+)))
You have tentacles for arms and can constrict up to eight enemies at once.


Message History

You are no longer poisoned.
The orc priest calls down the wrath of Beogh upon you.
Beogh smites you!
You closely miss the orc wizard. Your grab misses the orc wizard.
Your squeeze misses the orc wizard.
The orc wizard is lightly wounded.
The orc wizard closely misses you.
You tentacle-slap the orc wizard but do no damage.
You grab the orc wizard.
The orc wizard is lightly wounded.
You constrict the orc wizard, but do no damage.
The orc wizard points at you and mumbles some strange words.
The magic dart hits you!
* * * LOW HITPOINT WARNING * * *
The orc hits you with a +0 flail.
* * * LOW HITPOINT WARNING * * *
It was a potion of degeneration.
There was something very wrong with that liquid.
You feel weakened.
You feel dopey.
You feel clumsy.
You constrict the orc wizard.
The orc wizard mumbles some strange words.
The orc wizard flickers and vanishes!
Deactivating autopickup; reactivate with Ctrl-A.
The orc completely misses you.
Unknown command.
You release your grip on something.
You hear some strange, mumbled words.
A puff of flame appears from out of thin air!
The puff of flame hits you.
* * * LOW HITPOINT WARNING * * *
The orc attacks as it pursues you! The orc barely misses you.
As you read the scroll labelled KYUHOH DEFOTWA, it crumbles to dust.
You feel strangely unstable.
It was a scroll of teleportation.
The orc priest mumbles some strange prayers to Beogh against you.
You hear some strange, mumbled words.
You are confused.
You're too confused to move!
The orc priest invokes the aid of Beogh against you.
Beogh smites you!
You die...

#<.......#.##..#
#.......
#.#.....##.##..#
######.#
#..........##..# #.#
.#.........####.# #.#
.......?.....##..
^#.........#.##.##
.............##..
##........o########.#.
.......†..o†..h.......
##........o########.#.
...........#######
.................#
...#....###......#
...#....# #..o...o. ..
#....# #......o. #....
######o.. #... ..


You could see an orc priest and 2 orcs.

Vanquished Creatures
  A black bear (D:4)
  An ice beast (D:4)
  A scorpion (D:4)
  A bombardier beetle (D:4)
  2 hounds (D:4)
  An iguana (D:4)
  A jelly (D:4)
  An orc wizard (D:4)
  2 adders (D:3)
  3 dart slugs
  2 ribbon worms (D:4)
  3 orcs (D:4)
  8 bats
  3 endoplasms
  3 giant cockroaches
  7 goblins
  2 hobgoblins
  3 jackals (D:1)
  A quokka (D:4)
  6 ball pythons
  6 frilled lizards
  8 kobolds
  4 rats
70 creatures vanquished.

Notes
Turn   | Place    | Note
-------+----------+-------------------------------------------
     0 | D:1      | mopl the Octopode Shapeshifter began the quest for the Orb.
     0 | D:1      | Reached XP level 1. HP: 13/13 MP: 1/1
    83 | D:1      | Reached XP level 2. HP: 15/18 MP: 2/2
   148 | D:1      | Found Rydamu's Antique Armour Shop.
   180 | D:1      | Found Viokui's Magic Scroll Emporium.
   191 | D:1      | Bought a scroll of fear for 52 gold pieces
   496 | D:2      | Reached XP level 3. HP: 23/23 MP: 3/3
   573 | D:2      | Found a faded altar of an unknown god.
   819 | D:3      | Found a sacrificial altar of Ru.
  1033 | D:3      | Reached XP level 4. HP: 14/29 MP: 4/4
  1251 | D:3      | Found a sparkling altar of Nemelex Xobeh.
  1415 | D:3      | Identified the +1 leather armour of Zoefoz {Str+3 Int+8}
  1528 | D:4      | Reached skill level 4 in Unarmed Combat
  1613 | D:4      | Reached XP level 5. HP: 23/34 MP: 5/5
  1707 | D:4      | Noticed a black bear
  1711 | D:4      | Killed a black bear
  1712 | D:4      | Reached XP level 6. HP: 18/41 MP: 6/6
  1801 | D:4      | You fall into a shaft and drop 1 floor!
  1801 | D:5      | Entered Level 5 of the Dungeon
  1848 | D:4      | Found a staircase to the Ecumenical Temple.
  1858 | D:4      | Noticed an ice beast
  1877 | D:4      | Killed an ice beast
  1968 | Temple   | Entered the Ecumenical Temple
  1993 | Temple   | Became a worshipper of Uskayaw the Reveller
  2029 | D:4      | Reached * piety under Uskayaw
  2031 | D:4      | Reached ** piety under Uskayaw
  2032 | D:4      | Reached skill level 5 in Unarmed Combat
  2157 | D:4      | Reached XP level 7. HP: 42/45 MP: 7/7
  2169 | D:4      | Reached *** piety under Uskayaw
  2183 | D:4      | Killed from afar by an orc priest

Illustrated notes

Levels and vault maps discovered:
D:1:      erik_arrival_blinker_ship, layout_rooms, serial_shops,
          nicolae_shop_peninsula, shop, nicolae_the_louvre
D:2:      layout_rooms, ebering_ecumenical_altar_box, minmay_misc_feat_alley
D:3:      layout_loops_ring, lemuel_doored_altar, nemelex_spade_bored_becter
D:4:      layout_basic, mainiacjoe_overflow_surrounded_room,
          minmay_temple_entry_offerings
D:5:      layout_basic, nicolae_xom_altar_mimics
Temple:   nicolae_temple_superstar

Skill      XL: |  1  2  3  4  5  6 |
---------------+-------------------+-----
Unarmed Combat | 4 5 |  5.2
Fighting       | 2 |  2.9
Shapeshifting  | 4 |  4.8
Dodging        | 3 |  3.4
Invocations    | |  0.7

Action                     |  1- 3 |  4- 6 |  7- 9 || total
---------------------------+-------+-------+-------++-------
  Melee: Unarmed           |    64 |    58 |    12 ||   134
         Tentacles         |    15 |     9 |     2 ||    26
         Constrict         |    12 |    13 |     4 ||    29
         Punch             |     2 |     1 |       ||     3
  Evoke: Wand              |       |     1 |       ||     1
    Use: Potion            |       |     1 |     1 ||     2
         Scroll            |       |       |     1 ||     1
   Stab: Sleeping          |    12 |     3 |       ||    15
         Distracted        |     1 |       |       ||     1
         Paralysed         |       |       |     1 ||     1
 Armour: Skin              |    20 |    27 |     9 ||    56
  Dodge: Dodged            |    25 |    24 |     9 ||    58
